 Dungeon Crawl Stone Soup version 0.23.0-3-gf3c87f2df8 (webtiles) character file.

Game seed: 12362134883358471464

1284 Kass the Sneak (level 8, -1/52 HPs)
             Began as an Octopode Wizard on Feb 22, 2019.
             Was a Believer of Yredelemnul.
             Slain by a slave (10 damage)
             ... led by Pikel
             ... on level 6 of the Dungeon.
             The game lasted 00:34:04 (7501 turns).

Kass the Sneak (Octopode Wizard)                    Turns: 7501, Time: 00:34:04

Health: -1/52      AC:  2    Str:  7    XL:     8   Next: 55%
Magic:  7/12       EV: 14    Int: 25    God:    Yredelemnul [**....]
Gold:   121        SH:  0    Dex: 10    Spells: 0/13 levels left

rFire    . . .     SeeInvis .   B - +4 dagger "Viv Top" {pierce, MR+ Int+3}
rCold    . . .     Gourm    .   (no shield)
rNeg     . . .     Faith    .   x - +1 hat
rPois    .         Spirit   .   t - amulet of magic regeneration
rElec    .         Reflect  .   (no ring)
rCorr    .         Harm     .   (no ring)
MR       +....                  (no ring)
Stlth    ++++......             (no ring)
HPRegen  0.17/turn              (no ring)
MPRegen  0.38/turn              (no ring)
                                (no ring)
                                (no ring)

@: very slightly contaminated
A: almost no armour, stealthy swim, amphibious, 8 rings, constrict 8, camouflage
1, gelatinous body 1
a: Animate Remains, Recall Undead Slaves, Injury Mirror, Renounce Religion


You were on level 6 of the Dungeon.
You worshipped Yredelemnul.
Yredelemnul was pleased with you.
You were hungry.

You visited 1 branch of the dungeon, and saw 6 of its levels.

You collected 303 gold pieces.
You spent 182 gold pieces at shops.

Inventory:

Hand Weapons
 g - a +0 dagger
 o - a +1 blowgun
 r - a +3 dagger
 B - the +4 dagger "Viv Top" (weapon) {pierce, MR+ Int+3}
   (You bought it in a shop on level 4 of the Dungeon)

   It inflicts extra damage upon your enemies.
   It affects your intelligence (+3).
   It affects your resistance to hostile enchantments.
Missiles
 p - 55 poisoned needles
Armour
 a - a +0 hat
 x - a +1 hat (worn)
Jewellery
 d - the amulet "Recesel" {Spirit Stlth+}
   (You found it on level 6 of the Dungeon)

   [amulet of guardian spirit]

   It causes incoming damage to be split between your health and magic.
   It makes you more stealthy.
 m - an uncursed amulet of guardian spirit
 t - an amulet of magic regeneration (around mantle)
 C - an uncursed amulet of harm
Wands
 y - a wand of acid (11)
Scrolls
 b - 2 scrolls of identify
 h - a scroll of teleportation
 w - 2 scrolls of enchant armour {unknown}
 z - a scroll of fog {unknown}
Potions
 e - 2 potions of degeneration {unknown}
 f - a potion of invisibility {unknown}
 i - 4 potions of haste
 j - a potion of brilliance {unknown}
 k - 2 potions of berserk rage
 l - a potion of flight {unknown}
 n - a potion of might {unknown}
 s - 2 potions of ambrosia {unknown}
 u - 3 potions of curing {unknown}
 v - a potion of magic {unknown}
 A - a potion of heal wounds {unknown}
 D - a potion of agility {unknown}
Comestibles
 c - 7 rations
 q - 3 chunks of flesh


   Skills:
 + Level 3.4 Fighting
 + Level 4.8 Dodging
 + Level 6.7 Stealth
 - Level 3.0 Spellcasting
 + Level 6.1 Conjurations
 - Level 1.0 Summonings
 - Level 1.0 Translocations
 + Level 3.1 Invocations


You couldn't memorise any spells.
You knew the following spells:

 Your Spells              Type           Power        Failure   Level  Hunger
a - Magic Dart            Conj           ####         1%          1    None
b - Call Imp              Summ           #.......     10%         2    ##.....
c - Mephitic Cloud        Conj/Pois/Air  ##......     13%         3    ###....
d - Conjure Flame         Conj/Fire      ###.....     9%          3    ###....
e - Slow                  Hex            #.......     16%         2    ##.....
f - Blink                 Tloc           N/A          10%         2    ##.....

Your spell library contained the following spells:

 Spells                   Type           Power        Failure   Level  Hunger
 Flame Tongue             Conj/Fire      ###..        2%          1    None
 Throw Flame              Conj/Fire      ###...       4%          2    ##.....
 Sticky Flame             Conj/Fire      ###.....     28%         4    ####...
 Inner Flame              Hex/Fire       #.......     30%         3    ###....
 Fireball                 Conj/Fire      ###.......   61%         5    ######.


Dungeon Overview and Level Annotations

Branches:
Dungeon (6/15)
 Temple: D:4-7

Altars:
Fedhas
Gozag
Vehumet
Wu Jian
Yredelemnul
The Shining One

Shops:
D:4 *   D:6 %

Annotations:
D:6 Pikel


Innate Abilities, Weirdness & Mutations

You cannot wear most types of armour.
You are very stealthy in the water. (Stealth+)
You are amphibious.
You can wear up to eight rings at the same time.
You can use your tentacles to constrict eight enemies at once.
Your skin changes colour to match your surroundings (Stealth+).
Your rubbery body absorbs attacks. (AC +1, EV +1)


Message History

Your shadow imp hits the slave.
There is a stone staircase leading down here.
The slave hits your shadow imp.
Your shadow imp hits the slave.
Casting: Magic Dart (safe; 1% risk of failure)
Confirm with . or Enter, or press ? or * to list all spells.
You miscast Call Imp.
The world appears momentarily distorted.
Pikel hits you with a +0 whip of electrocution.
You are electrocuted!
* * * LOW HITPOINT WARNING * * *
The slave hits your shadow imp.
Your shadow imp hits the slave.
The slave misses your shadow imp.
Your shadow imp barely misses the slave.
The slave hits your shadow imp.
Your shadow imp dies!
Casting: Call Imp (safe; 10% risk of failure)
Confirm with . or Enter, or press ? or * to list all spells.
You blink.
The slave hits you!
You die...
Your body rises from the dead as a mindless zombie.

........##.....#....ZZZ.Z.....# #
##########.....#.#.##...###...###
#....Z..'.....#.#.##...# #...'..
#.#######....##.#.##...# #...###
##'#######....##...##...# #...# #
#..p.....#####.....###### #...# #
#........# #.....# #...# #
#........# #.....# ######### #
'........# #..@..####......####
#........#####.p..pKp§'..........
#..............p..#####..........
########..........# #..........
#...........5..#######..........
#..............#................
#.......########.........###....
#.......# .........# #....
#.......# .........# ##+##


You could see Pikel, 4 slaves and a friendly crimson imp.

Vanquished Creatures
  Edmund (D:5)
  2 ogres
  A centaur (D:6)
  A gnoll sergeant (D:5)
  A scorpion (D:6)
  2 wights (D:6)
  A crimson imp (D:6)
  A bullfrog zombie (D:5)
  A centaur zombie (D:5)
  A hound (D:5)
  A jelly (D:6)
  An orc priest (D:2)
  2 orc wizards (D:3)
  A worker ant (D:4)
  2 iguanas
  Ijyb (D:4)
  8 adders
  A shadow imp (D:6)
  3 oozes
  2 adder skeletons
  3 worms
  3 dart slugs
  4 leopard geckos
  10 orcs
  9 bats
  3 giant cockroaches
  14 goblins
  8 hobgoblins
  12 jackals
  10 kobolds
  2 quokkas (D:3)
  2 ball pythons
  3 frilled lizards
  An orc zombie (D:5)
  6 rats
124 creatures vanquished.

Vanquished Creatures (collateral kills)
  A phantom (D:6)
  A bullfrog (D:6)
  A wight (D:6)
  An orc priest (D:6)
  A bullfrog skeleton (D:6)
  3 orc wizards
  3 gnolls (D:5)
  A shadow imp (D:5)
  2 worms
  An adder skeleton (D:6)
  5 orcs (D:3)
  A giant cockroach (D:6)
  A jackal (D:3)
  2 bats
  A jackal skeleton (D:4)
25 creatures vanquished.

Vanquished Creatures (others)
  A scorpion zombie (D:6)
  2 orc zombies (D:6)
3 creatures vanquished.

Grand Total: 152 creatures vanquished

Notes
Turn   | Place    | Note
-------+----------+-------------------------------------------
     0 | D:1      | Kass the Octopode Wizard began the quest for the Orb.
     0 | D:1      | Reached XP level 1. HP: 11/11 MP: 4/4
   305 | D:1      | Reached XP level 2. HP: 17/17 MP: 4/6
   309 | D:1      | Learned a level 2 spell: Call Imp
   719 | D:1      | Reached XP level 3. HP: 18/21 MP: 0/7
   911 | D:1      | Learned a level 3 spell: Mephitic Cloud
  1444 | D:2      | Reached XP level 4. HP: 27/27 MP: 4/8
  1449 | D:2      | Learned a level 3 spell: Conjure Flame
  2220 | D:2      | Reached XP level 5. HP: 31/31 MP: 4/9
  3069 | D:3      | Found a basalt altar of Yredelemnul.
  3734 | D:3      | Reached XP level 6. HP: 31/36 MP: 3/10
  3943 | D:3      | Became a worshipper of Yredelemnul the Dark
  4090 | D:3      | Learned a level 2 spell: Slow
  4242 | D:3      | Reached skill level 5 in Conjurations
  4337 | D:3      | Found a blossoming altar of Fedhas.
  4641 | D:4      | Reached skill level 1 in Fighting
  4696 | D:4      | Found Fateopu's Assorted Antiques.
  4870 | D:4      | Reached skill level 5 in Stealth
  4871 | D:4      | Reached * piety under Yredelemnul
  5061 | D:4      | Reached XP level 7. HP: 43/43 MP: 7/11
  5213 | D:4      | Noticed Ijyb
  5243 | D:4      | Killed Ijyb
  5407 | D:4      | Bought a smoking dagger for 182 gold pieces
  5427 | D:5      | Entered Level 5 of the Dungeon
  5432 | D:5      | Identified the +4 dagger "Viv Top" {pierce, MR+ Int+3} (You
                  | bought it in a shop on level 4 of the Dungeon)
  5489 | D:5      | Noticed Edmund
  5629 | D:5      | Found a radiant altar of Vehumet.
  5775 | D:5      | Killed Edmund
  5775 | D:5      | Reached skill level 1 in Invocations
  6162 | D:5      | Found an ornate altar of the Wu Jian Council.
  6162 | D:5      | Found an opulent altar of Gozag.
  6163 | D:5      | Found a glowing golden altar of the Shining One.
  6525 | D:6      | Reached XP level 8. HP: 40/51 MP: 2/12
  6692 | D:6      | Got a scintillating ivory amulet
  6693 | D:6      | Identified the amulet "Recesel" {Spirit Stlth+} (You found
                  | it on level 6 of the Dungeon)
  6698 | D:6      | Learned a level 2 spell: Blink
  7169 | D:6      | Found Puecen's Food Boutique.
  7244 | D:6      | Reached ** piety under Yredelemnul
  7480 | D:6      | Noticed Pikel
  7501 | D:6      | Slain by a slave

Skill      XL: |  1  2  3  4  5  6  7  8 |
---------------+-------------------------+-----
Conjurations   | 2 3 4 5 6 |  6.1
Stealth        | 3 4 5 6 |  6.7
Dodging        | 3 4 |  4.8
Fighting       | 1 2 3 |  3.4
Invocations    | 2 3 |  3.1
Spellcasting   | |  3.0
Summonings     | |  1.0
Translocations | |  1.0

Action                   |  1- 3 |  4- 6 |  7- 9 || total
-------------------------+-------+-------+-------++-------
Melee: Unarmed           |     3 |       |       ||     3
       Constrict         |     5 |    10 |     5 ||    20
       Dagger            |    18 |    34 |    35 ||    87
       Tentacles         |     2 |     7 |     8 ||    17
 Cast: Magic Dart        |    62 |   146 |   117 ||   325
       Call Imp          |       |    14 |    31 ||    45
       Mephitic Cloud    |       |     3 |     3 ||     6
       Conjure Flame     |       |     2 |     9 ||    11
       Blink             |       |       |     1 ||     1
Invok: Animate Remains   |       |       |     6 ||     6
  Use: Scroll            |       |       |     9 ||     9
 Stab: Sleeping          |     6 |     6 |     3 ||    15
       Confused          |       |       |     2 ||     2
       Distracted        |       |       |     1 ||     1
  Eat: Chunk             |     1 |     9 |    11 ||    21
       Ration            |       |     1 |       ||     1
Armor: Skin              |     3 |     7 |     7 ||    17
Dodge: Dodged            |    18 |    33 |    33 ||    84
